cohdb
Replays
Latest Replays
All Replays
Popular Replays
Top Player Replays
Match Explorer
How It Works
Community
CoH3 Stats
Reddit
Sign in to upload your games and track your stats! →
Sign in with Steam
Match 45762766
Unlisted
Match 45762766
Overview
Messages
Build Orders
End
Vickers Machine Gun Team
Selects Heavy Armor Battlegroup
Construct Section Command Post
Dingo Light Scout Car
Dingo Light Scout Car
Construct Platoon Command Post
Selects Rigorous Vehicle Training
6-pounder Anti-tank Gun Team
CMP 15cwt Truck
Royal Engineer Section
ML 3-inch Mortar Team
Selects Light Vehicle Withdraw and Refit
Humber Armored Car
Light Vehicle Withdraw and Refit
Selects UNKNOWN (202330)
6-pounder Anti-tank Gun Team
Vickers Machine Gun Team
ML 3-inch Mortar Team
Construct Company Command Post
Foot Guards Section
Unlock M3 Grant Medium Tanks
Crusader AA Medium Tank
Selects Recon Artillery
Recon Artillery
M3 Grant Medium Tank
6-pounder Anti-tank Gun Team
Selects Forward Repair Assembly
Recon Artillery
M3 Grant Medium Tank
M3 Grant Medium Tank
M3 Grant Medium Tank
Recon Artillery
Armored Vehicle Training
M3 Grant Medium Tank
Royal Engineer Section
Field marshal Prince
MIHOKO
Phenomen
Hyakk1maru
Slammin'Cheeks
PhoeniX
Fabrics
Настя
0
0
Comments
sign in to comment!
No comments posted yet!